 Dungeon Crawl Stone Soup version 0.24.0-13-gcf9b3192b9 (webtiles) character file.

Game seed: 14947382971754493436, levelgen mode: deterministic

3180 roguesci the Sneak (level 9, -3/74 HPs)
             Began as a Demonspawn Enchanter on Nov 8, 2019.
             Was a Follower of Ru.
             Slain by a bullfrog (5 damage)
             ... on level 9 of the Dungeon.
             The game lasted 00:26:40 (8666 turns).

roguesci the Sneak (Demonspawn Enchanter)           Turns: 8666, Time: 00:26:46

Health: -3/74      AC:  7    Str:  8    XL:     9   Next: 63%
Magic:  0/15       EV: 15    Int: 17    God:    Ru [*.....]
Gold:   348        SH:  7    Dex: 17    Spells: 2/16 levels left

rFire    . . .     SeeInvis .   t - +1 dagger (vamp)
rCold    + . .     Gourm    .   C - +0 buckler "Feodyiphe" {Slay+3} (curse)
rNeg     . . .     Faith    .   q - +2 ring mail {rC+}
rPois    .         Spirit   +   (no helmet)
rElec    .         Reflect  +   F - scarf {repulsion}
rCorr    .         Harm     .   (no gloves)
MR       .....                  (no boots)
Stlth    +++.......             s - +3 amulet of reflection
HPRegen  0.22/turn              A - +3 ring of evasion
MPRegen  0.14/turn              (no ring)

@: no scrolls, slowed, repel missiles, very slow
A: talons 2, sense surroundings 1, robust 1, spiny 1, wild magic 1, evolution 1,
magic shield, inability to read while threatened, sturdy frame 1
a: Renounce Religion


You were on level 9 of the Dungeon.
You worshipped Ru.
Ru was aware of your devotion.
You were not hungry.

You visited 2 branches of the dungeon, and saw 10 of its levels.

You collected 348 gold pieces.

Inventory:

Hand Weapons
 t - a +1 vampiric dagger (weapon)
 v - a +1 dagger of venom
Missiles
 e - 326 stones (quivered)
Armour
 q - a +2 ring mail of cold resistance (worn)
 B - a +0 shield of protection
 C - the cursed +0 buckler "Feodyiphe" (worn) {Slay+3}
   (You found it on level 8 of the Dungeon)

   It affects your accuracy and damage with ranged weapons and melee attacks
   (+3).
   It has a curse placed upon it.
 F - a scarf of repulsion (worn)
Jewellery
 s - a +3 amulet of reflection (around neck)
 A - a +3 ring of evasion (left hand)
Wands
 u - a wand of polymorph (13)
 D - a wand of iceblast (6)
Scrolls
 c - 2 scrolls of noise {unknown}
 g - 3 scrolls of identify
 k - 4 scrolls of teleportation {unknown}
 l - 2 scrolls of enchant weapon {unknown}
 m - 3 scrolls of fear {unknown}
 n - a scroll of amnesia {unknown}
 r - 4 scrolls of remove curse {unknown}
 w - a scroll of fog {unknown}
 y - a scroll of vulnerability {unknown}
Potions
 a - a potion of haste {unknown}
 b - a potion of lignification {unknown}
 f - a potion of cancellation {unknown}
 h - a potion of magic {unknown}
 i - 2 potions of might {unknown}
 o - a potion of agility {unknown}
 p - a potion of mutation
 x - a potion of brilliance {unknown}
Comestibles
 d - 12 rations
 E - a chunk of flesh


   Skills:
 * Level 5.3 Fighting
 + Level 3.9 Short Blades
 - Level 2.1 Armour
 + Level 4.2 Dodging
 + Level 6.2 Stealth
 + Level 4.4 Spellcasting
 * Level 3.6 Conjurations
 - Level 4.3 Hexes
 * Level 3.3 Air Magic
 * Level 3.8 Poison Magic


You had 2 spell levels left.
You knew the following spells:

 Your Spells              Type           Power        Failure   Level  Hunger
a - Corona                Hex            ###....      12%         1    None
b - Confuse               Hex            ###.....     30%         3    ###....
c - Ensorcelled Hibernat  Hex/Ice        ##....       34%         2    ##.....
d - Mephitic Cloud        Conj/Pois/Air  ###.....     38%         3    ###....
e - Blink                 Tloc           N/A          63%         2    ##.....
f - Regeneration          Chrm/Necr      #.........   85%         3    ###....

Your spell library contained the following spells:

 Spells                   Type           Power        Failure   Level  Hunger
 Magic Dart               Conj           ###.         14%         1    None
 Slow                     Hex            ###.....     16%         2    ##.....
 Animate Skeleton         Necr           N/A          50%         1    None
 Beastly Appendage        Tmut           #.....       50%         1    None
 Pain                     Necr           #...         50%         1    None
 Call Imp                 Summ           #.......     63%         2    ##.....
 Sticks to Snakes         Tmut           #.......     63%         2    ##.....
 Tukima's Dance           Hex            ###.....     30%         3    ###....
 Dazzling Spray           Conj/Hex       ###...       34%         3    ###....
 Spider Form              Tmut/Pois      ##........   61%         3    ###....
 Conjure Flame            Conj/Fire      ##......     63%         3    ###....
 Vampiric Draining        Necr           #.........   85%         3    ###....
 Animate Dead             Necr           N/A          99%         4    ####...
 Ice Form                 Ice/Tmut       #.......     99%         4    ####...
 Blade Hands              Tmut           #.........   100%        5    ######.


Dungeon Overview and Level Annotations

Branches:
Dungeon (9/15)             Temple (1/1) D:6
   Lair: D:8-11         Orc: D:9-12

Altars:
Ashenzari
Cheibriados
Dithmenos
Elyvilon
Fedhas
Gozag
Hepliaklqana
Kikubaaqudgha
Makhleb
Nemelex Xobeh
Okawaru
Qazlal
Ru
Sif Muna
Trog
Uskayaw
Vehumet
Wu Jian
Xom
Yredelemnul
Zin
The Shining One

Shops:
D:4 (   D:7 *%}:

Annotations:
D:3 2 transporters, Goblin1989's ghost, amateur GrFi
D:6 1 runed translucent door, Lanoc's ghost, novice DsCj


Innate Abilities, Weirdness & Mutations

You have razor-sharp toenails.
You are partially covered in sharp spines.
When hurt, damage is shared between your health and your magic reserves.
You cannot read scrolls while threatened.
Your movements are slightly less encumbered by armour. (ER -2)
You passively map a small area around you.
You are robust. (+10% HP)
Your spells are a little harder to cast, but a little more powerful.
You evolve.


Message History

The bullfrog is struck by your spines. The bullfrog barely misses you.
The wraith closely misses you. The bullfrog closely misses you.
You hit the wraith but do no damage.
The wraith is heavily damaged.
The bullfrog hits you but does no damage.
The wraith hits you!
* * * LOW HITPOINT WARNING * * *
The wraith drains your vigour!
You feel as though you will be slow longer.
The bullfrog closely misses you. The wraith barely misses you.
Some of the chunks of flesh in your inventory have rotted away.
Okay, then.
It was a potion of mutation.
You feel extremely strange.
You feel less in control of your magic.
You feel a strange attunement to the structure of the dungeons.
You feel nature experimenting on you.
Don't worry, failures die fast.
You feel robust. You block the bullfrog's attack.
The bullfrog is struck by your spines. The bullfrog hits you.
You die...

### ##.## #...######
###...##...# #.....##...#
##...#.....# #....#....###
#..##.F.....#
#######....@W.....# * #
#.##....##.##.........
######.##....##.....#......
.#.#.........#..........#..
...##.....#.....#.......# #
.....#...##.....#........F
.....#...........#.........
, *
.................#.........
.................. ,


You could see a wraith and a bullfrog.

Vanquished Creatures
  An ugly thing (D:9)
  Prince Ribbit (D:7)
  A hippogriff (D:6)
  A water moccasin (D:6)
  2 orc warriors (D:8)
  An ice beast (D:8)
  4 centaurs
  An ogre (D:8)
  5 bullfrogs
  A wyvern zombie (D:7)
  A scorpion (D:2)
  A wyvern skeleton (D:6)
  A howler monkey (D:6)
  3 crimson imps
  A centaur zombie (D:5)
  A quasit (D:8)
  7 hounds
  A jelly (D:8)
  2 orc priests (D:6)
  2 bullfrog skeletons
  An iguana (D:8)
  6 orc wizards
  3 worker ants
  A hound zombie (D:6)
  A hound skeleton (D:8)
  A howler monkey skeleton (D:6)
  13 adders
  2 shadow imps
  An adder skeleton (D:4)
  2 worms (D:3)
  11 leopard geckos
  40 orcs
  9 giant cockroaches
  4 goblins
  11 hobgoblins
  13 jackals
  10 kobolds
  3 quokkas
  A ball python (D:1)
  4 bats
  8 frilled lizards
  A jackal zombie (D:7)
  2 quokka skeletons
  10 rats
196 creatures vanquished.

Vanquished Creatures (others)
  A quokka (D:5)
1 creature vanquished.

Grand Total: 197 creatures vanquished

Notes
Turn   | Place    | Note
-------+----------+-------------------------------------------
     0 | D:1      | roguesci the Demonspawn Enchanter began the quest for the
                  | Orb.
     0 | D:1      | Reached XP level 1. HP: 13/13 MP: 3/3
   299 | D:1      | Reached skill level 1 in Short Blades
   474 | D:1      | Gained mutation: You are partially covered in sharp spines.
                  | [demonic ancestry]
   474 | D:1      | Reached XP level 2. HP: 18/19 MP: 5/5
  1129 | D:1      | Reached skill level 3 in Stealth
  1242 | D:1      | Reached skill level 1 in Armour
  1242 | D:1      | Reached XP level 3. HP: 25/25 MP: 6/6
  1568 | D:2      | Found a snail-covered altar of Cheibriados.
  1993 | D:2      | Noticed a scorpion
  2005 | D:2      | Killed a scorpion
  2005 | D:2      | Reached skill level 1 in Fighting
  2005 | D:2      | Gained mutation: Your movements are slightly less
                  | encumbered by armour. (ER -2) [demonic ancestry]
  2005 | D:2      | Reached XP level 4. HP: 16/32 MP: 7/7
  2481 | D:2      | Gained mutation: When hurt, damage is shared between your
                  | health and your magic reserves. [demonic ancestry]
  2481 | D:2      | Reached XP level 5. HP: 37/37 MP: 8/8
  2809 | D:2      | Learned a level 3 spell: Confuse
  2812 | D:2      | Learned a level 2 spell: Ensorcelled Hibernation
  2878 | D:3      | Found a faded altar of an unknown god.
  3301 | D:3      | Noticed Goblin1989's ghost (amateur GrFi)
  3306 | D:3      | Identified the cursed +1 dire flail of Temperance {freeze,
                  | rElec Int+5 Dex+4}
  3306 | D:3      | Noticed an ogre
  3517 | D:3      | Found a transporter.
  3527 | D:3      | Found a transporter.
  3640 | D:3      | Reached skill level 4 in Stealth
  3649 | D:3      | Gained mutation: You have sharp toenails. [demonic
                  | ancestry]
  3649 | D:3      | Reached XP level 6. HP: 38/43 MP: 9/9
  4120 | D:4      | Found a shadowy altar of Dithmenos.
  4319 | D:4      | Found Witiysameu's Weapon Boutique.
  4773 | D:5      | Entered Level 5 of the Dungeon
  4973 | D:5      | Found a white marble altar of Elyvilon.
  5295 | D:6      | Found a staircase to the Ecumenical Temple.
  5303 | D:6      | Reached XP level 7. HP: 43/51 MP: 9/11
  5813 | Temple   | Entered the Ecumenical Temple
  5935 | Temple   | Became a worshipper of Ru the Awakened
  6033 | D:6      | Reached skill level 5 in Stealth
  6428 | D:6      | Found a runed translucent door.
  6428 | D:6      | Found a shimmering altar of Xom.
  6428 | D:6      | Noticed Lanoc's ghost (novice DsCj)
  6430 | D:6      | Noticed a +1 mace of chaos
  6461 | D:6      | Reached XP level 8. HP: 43/60 MP: 8/13
  6634 | D:6      | Learned a level 3 spell: Mephitic Cloud
  6637 | D:6      | Learned a level 2 spell: Blink
  6641 | D:6      | Learned a level 3 spell: Regeneration
  6777 | D:7      | Noticed a hippogriff
  6800 | D:6      | Killed a hippogriff
  6800 | D:6      | Reached skill level 1 in Conjurations
  6800 | D:6      | Reached skill level 1 in Air Magic
  6800 | D:6      | Reached skill level 1 in Poison Magic
  6910 | D:7      | Found Zikhigikh's Gadget Shop.
  7051 | D:7      | Found Koqomupp's Book Shoppe.
  7075 | D:7      | Found Aplatzuh's Food Emporium.
  7110 | D:7      | Found Vanujis's Elemental Accessories.
  7113 | D:7      | Noticed Prince Ribbit
  7127 | D:7      | Gained mutation: You cannot read scrolls while threatened.
                  | [Ru sacrifice]
  7127 | D:7      | Reached * piety under Ru
  7147 | D:7      | Killed Prince Ribbit
  7244 | D:7      | Found a blossoming altar of Fedhas.
  7551 | D:8      | Gained mutation: You have razor-sharp toenails. [demonic
                  | ancestry]
  7551 | D:8      | Reached XP level 9. HP: 32/66 MP: 0/15
  8124 | D:8      | Got a dazzling buckler
  8130 | D:8      | Identified the cursed +0 buckler "Feodyiphe" {Slay+3} (You
                  | found it on level 8 of the Dungeon)
  8179 | D:8      | Reached skill level 5 in Fighting
  8434 | D:8      | Reached skill level 6 in Stealth
  8629 | D:9      | Noticed a green ugly thing
  8652 | D:9      | Killed a green ugly thing
  8665 | D:9      | HP: 2/68 [wraith (6)]
  8666 | D:9      | Gained mutation: Your spells are a little harder to cast,
                  | but a little more powerful. [potion of mutation]
  8666 | D:9      | Gained mutation: You passively map a small area around you.
                  | [potion of mutation]
  8666 | D:9      | Gained mutation: You evolve. [potion of mutation]
  8666 | D:9      | Gained mutation: You are robust. (+10% HP) [potion of
                  | mutation]
  8666 | D:9      | Slain by a bullfrog

Levels and vault maps discovered:
D:1:      psy_arrival_statuary, layout_loops_ring, minmay_misc_feat_roman
D:2:      layout_basic, cheibriados_altar_1, roderic_roman_lattice,
          interstate_on_off
D:3:      layout_basic, chequers_ecumenical_altar_simple, gammafunk_ghost_smash,
          first_ration
D:4:      layout_loops_ring, serial_shops,
          nicolae_shop_temple_entry_statues_fountains, serial_co_window_serial,
          co_window_paths_b, co_window_corner_a, co_window_paths_a,
          co_window_paths_b, co_window_corner_a, co_window_corner_cb,
          co_window_2corner, co_window_2corner, glass_columns_a,
          corexii_item_surrounded_by_moat, columned_hall_lemuel,
          dk_noncrumbling_4, nicolae_dithmenos_through_a_glass_darkly
D:5:      layout_rooms, elyvilon_altar_4
D:6:      layout_cave_pools, minmay_temple_entry_offerings, ebering_ghost_xom
D:7:      layout_cave_pools, serial_shops, nicolae_shop_statue_plus,
          nicolae_shop_crystal, shop, hex_large, nicolae_elemental_shop,
          fedhas_altar_fruit_tree, uniq_prince_ribbit1
D:8:      layout_loops_ring
D:9:      layout_cave_pools, hangedman_ranch [blue_anna_fruit_fields]
Temple:   kilobyte_greek_temple

Skill      XL: |  1  2  3  4  5  6  7  8  9 |
---------------+----------------------------+-----
Short Blades   | 1 2 3 |  3.9
Dodging        | 2 3 4 |  4.2
Stealth        | 3 4 5 6 |  6.2
Armour         | 1 2 |  2.1
Fighting       | 1 2 3 4 5 |  5.3
Spellcasting   | 3 4 |  4.4
Hexes          | 4 |  4.3
Conjurations   | 2 3 |  3.6
Air Magic      | 2 3 |  3.3
Poison Magic   | 2 3 |  3.8

Action                   |  1- 3 |  4- 6 |  7- 9 || total
-------------------------+-------+-------+-------++-------
Melee: Dagger            |   118 |   210 |   340 ||   668
       Kick              |       |    24 |   105 ||   129
 Cast: Corona            |    29 |     3 |     1 ||    33
       Confuse           |       |     2 |     1 ||     3
       Mephitic Cloud    |       |       |     7 ||     7
Invok: Sacrifice Words   |       |       |     1 ||     1
  Use: Scroll            |       |     1 |       ||     1
       Potion            |       |       |     9 ||     9
 Stab: Sleeping          |     3 |    11 |     9 ||    23
       Confused          |       |       |     3 ||     3
       Distracted        |       |       |     1 ||     1
  Eat: Chunk             |     4 |    11 |     8 ||    23
       Ration            |       |       |     1 ||     1
Armor: Robe              |    17 |     3 |       ||    20
       Ring mail         |       |    36 |    78 ||   114
Dodge: Dodged            |    71 |   108 |   191 ||   370
       Deflected         |       |       |     1 ||     1
Block: Other             |       |    15 |    28 ||    43
       Reflection        |       |       |     2 ||     2
       Buckler           |       |       |    18 ||    18
